 Dungeon Crawl Stone Soup version 0.27-a0-720-g3f424a255b (webtiles) character file.

Game seed: 7172282720478809370

158 Johnny the Slasher (level 5, -2/79 HPs)
             Began as a Troll Berserker on Mar 23, 2021.
             Was a Believer of Trog.
             Succumbed to an orc wizard's poison
             ... on level 3 of the Dungeon.
             The game lasted 00:01:35 (1628 turns).

Johnny the Slasher (Troll Berserker)                Turns: 1628, Time: 00:01:36

Health: -2/79      AC:  4    Str: 26    XL:     5   Next: 16%
Magic:  4/4        EV: 10    Int:  3    God:    Trog [**....]
Gold:   83         SH:  0    Dex:  9    Spells: 4/4 levels left

rFire    . . .     SeeInvis .   l - +0 long sword
rCold    . . .     Faith    .   (no shield)
rNeg     . . .     Spirit   .   b - +0 animal skin
rPois    .         Reflect  .   (helmet restricted)
rElec    .         Harm     .   (no cloak)
rCorr    .         Rampage  .   (gloves unavailable)
Will     ++...                  (boots unavailable)
Stlth    ..........             (no amulet)
HPRegen  2.23/turn              (no ring)
MPRegen  0.09/turn              (no ring)

@: berserking (expiring), lethally poisoned (-2 -> -8), regenerating, very quick
A: large, unfitting armour, claws 3, regeneration 1, shaggy fur 1, tough skin 1
a: Renounce Religion, Berserk, Trog's Hand


You were on level 3 of the Dungeon.
You worshipped Trog.
Trog was pleased with you.
You visited 1 branch of the dungeon, and saw 3 of its levels.

You collected 83 gold pieces.

Inventory:

Hand Weapons
 a - a +0 falchion
 l - a +0 long sword (weapon)
Armour
 b - a +0 animal skin (worn)
Jewellery
 e - a +4 ring of evasion
Scrolls
 c - 4 scrolls of teleportation {unknown}
 d - 3 scrolls of identify {unknown}
 f - a scroll of blinking {unknown}
 g - a scroll of enchant weapon {unknown}
Potions
 h - a potion of flight {unknown}
 i - a potion of haste {unknown}
 j - a potion of might {unknown}
 k - a potion of berserk rage {unknown}
 m - a potion of magic {unknown}


   Skills:
 + Level 3.4 Fighting
 * Level 4.2 Long Blades
 - Level 2.4 Dodging


You had 4 spell levels left.
You didn't know any spells.
Your spell library was empty.

Dungeon Overview and Level Annotations

Branches:
Dungeon (3/15)

Altars:
Okawaru

Annotations:
D:3 1 runed translucent door, polve's ghost, amateur DsAK


Innate Abilities, Weirdness & Mutations

You are too large for most types of armour.
You have claws for hands.
Your natural rate of healing is unusually fast.
You are covered in fur. (AC +1)
You have tough skin. (AC +1)


Message History

You slash the orc!
You kill the orc!
Trog accepts your kill.
You feel very sick. Something hits you.
You are more poisoned.
The gnoll hits you from afar with a +0 spear.
The orc wizard hits you with a +0 dagger.
You slash the orc!
You kill the orc!
Trog accepts your kill.
You feel extremely sick.
The gnoll hits you from afar with a +0 spear.
Something completely misses you.
You are too injured to fight recklessly!
You barely miss the orc wizard.
The orc wizard is almost dead.
You feel sick. The ball python closely misses you.
You riposte.
You slash the ball python!
You kill the ball python!
Trog accepts your kill.
The orc wizard gestures at you while chanting.
The puff of flame hits you.
* * * LOW HITPOINT WARNING * * *
Something hits you.
* * * LOW HITPOINT WARNING * * *
You are more poisoned.
The gnoll hits you from afar with a +0 spear.
* * * LOW HITPOINT WARNING * * *
You slash the orc wizard!
You kill the orc wizard!
Trog accepts your kill.
Trog appreciates your killing of a magic user.
You feel extremely sick. Something hits you.
* * * LOW HITPOINT WARNING * * *
You are more poisoned.
The gnoll closely misses you.
You have reached level 5!
You die...

.. ...###...........
... ............>....
.....#.).).#.).......
....##.._..##†.......
.....#.).).#.........
..............#...###
#.g)###...)#...#
#.{.#...#)#...#
##.)@..##.# ..#
##..####.# ..# ...$##
#)# .# ...#### #.#
###########.#
#.......#'##
#.##.......#
#.##.......#######
#.##.............##


You could see a gnoll.

Vanquished Creatures
  An orc wizard (D:3)
  3 adders
  3 gnolls (D:3)
  An adder skeleton (D:2)
  A dart slug (D:2)
  2 orcs (D:3)
  4 ball pythons
  6 bats
  3 giant cockroaches
  8 goblins
  11 hobgoblins
  3 jackals (D:2)
  4 oozes
  2 quokkas
  2 frilled lizards
  7 kobolds
  3 rats
64 creatures vanquished.

Vanquished Creatures (others)
  3 plants (D:2)
  2 withered plants (D:3)
5 creatures vanquished.

Grand Total: 69 creatures vanquished

Notes
Turn   | Place    | Note
-------+----------+-------------------------------------------
     0 | D:1      | Johnny the Troll Berserker began the quest for the Orb.
     0 | D:1      | Reached XP level 1. HP: 22/22 MP: 0/0
     3 | D:1      | Noticed an electric eel
     4 | D:1      | Noticed an electric eel
   348 | D:1      | Reached XP level 2. HP: 25/29 MP: 1/1
   585 | D:1      | Reached skill level 3 in Long Blades
   814 | D:2      | Reached XP level 3. HP: 27/36 MP: 2/2
   998 | D:2      | Reached ** piety under Trog
  1226 | D:2      | Found a faded altar of an unknown god.
  1250 | D:2      | Reached XP level 4. HP: 42/45 MP: 3/3
  1507 | D:3      | Found a runed translucent door.
  1508 | D:3      | Noticed polve's ghost (amateur DsAK)
  1549 | D:3      | Found an iron altar of Okawaru.
  1551 | D:3      | Reached skill level 4 in Long Blades
  1628 | D:3      | Reached XP level 5. HP: 8/53 MP: 4/4
  1628 | D:3      | Succumbed to an orc wizard's poison

Illustrated notes

Levels and vault maps discovered:
D:1:      arrival_aquarium_b, layout_loops_cross, st_stairs_14
D:2:      layout_loops_ring, chequers_ecumenical_altar_simple_redux,
          serial_bayou_pond_b, chequers_avenue, minmay_quadrilaterals
D:3:      layout_basic, gammafunk_ghost_grave, okawaru_ov_weapons_minmay

Skill      XL: |  1  2  3  4 |
---------------+-------------+-----
Long Blades    | 3 4 |  4.2
Fighting       | 3 |  3.4
Dodging        | |  2.4

Action                   |  1- 3 |  4- 6 || total
-------------------------+-------+-------++-------
Melee: Falchion          |   131 |       ||   131
       Long sword        |    24 |    51 ||    75
Invok: Berserk           |     1 |     2 ||     3
       Trog's Hand       |       |     1 ||     1
 Stab: Sleeping          |     1 |       ||     1
Armor: Animal skin       |    45 |    16 ||    61
Dodge: Dodged            |    93 |    44 ||   137
       Rpst.: Falchion   |    28 |       ||    28
       Long sword        |     2 |     8 ||    10

Table legend: (Time is in decaauts)
 A = Elapsed time spent in this place.
 B = Non-inter-level travel time spent in this place.
 C = Inter-level travel time spent in this place.
 D = Time resting spent in this place.
 E = Time spent auto-exploring this place.
 F = Levels seen in this place.
 G = Mean time per level.
                   A        B        C        D        E       F      G
               +--------+--------+--------+--------+--------+-----+--------+
         Total |   1681 |   1624 |     57 |    101 |   1129 |   3 |  560.3 |
       Dungeon |   1681 |   1624 |     57 |    101 |   1129 |   3 |  560.3 |
               +--------+--------+--------+--------+--------+-----+--------+

Top non-repeatable levels by time:
     D:1: 746 daAuts
     D:2: 737 daAuts
     D:3: 197 daAuts
